 Dungeon Crawl Stone Soup version 0.32-a0-711-g016ad743e0 (webtiles) character file.

Game seed: 6106116932232760735

22414 zenocrate the Geomancer (level 13, -2/85 HPs)
             Began as an Octopode Earth Elementalist on Mar 15, 2024.
             Was an Initiate of Gozag.
             Slain by an ice devil (10 damage)
             ... on level 1 of the Lair of Beasts.
             The game lasted 00:23:15 (14753 turns).

zenocrate the Geomancer (OpEE)                     Turns: 14753, Time: 00:23:16

Health: -2/85      AC:  1    Str: 10    XL:     13   Next: 0%
Magic:  2/25       EV: 19    Int: 28    God:    Gozag
Gold:   1192       SH:  0    Dex: 12    Spells: 16/28 levels left

rFire   . . .        j - staff of cold
rCold   + . .        (no shield)
rNeg    . . .        (helmet restricted)
rPois   +            m - amulet of regeneration
rElec   .            o - +5 ring of evasion
rCorr   .            (no ring)
SInv    .            C - ring of willpower
Will    +....        v - ring of Ejitz {rPois Str+2 Int+6}
Stlth   ++++         (no ring)
HPRegen 1.14/turn    (no ring)
MPRegen 0.19/turn    (no ring)
                     (no ring)

%: no passive effects
@: gold aura
A: almost no armour, amphibious, 8 rings, camouflage 1, gelatinous body 1,
(nimble swimmer 1), tentacles
a: Renounce Religion, Potion Petition, Call Merchant, Bribe Branch


You were on level 1 of the Lair of Beasts.
You worshipped Gozag.
Gozag was most pleased with you.
You visited 3 branches of the dungeon, and saw 15 of its levels.

You collected 2860 gold pieces.
You spent 888 gold pieces at shops.
You paid 780 gold pieces to Gozag.

Inventory:

Hand Weapons
 a - the +7 short sword of Truncation {speed, rElec rN+ Stlth+}
   (You bought it in a shop on level 12 of the Dungeon)

   rElec:     It insulates you from electricity.
   rN+:       It protects you from negative energy.
   Stlth+:    It makes you more stealthy.
Armour
 u - an orb of mayhem
 y - the +1 buckler of Okawaru's Inspiration {Harm +Blink rC+}
   (You found it on level 1 of the Lair of Beasts)

   rC+:       It protects you from cold.
   +Blink:    It lets you blink.
   Harm:      It increases damage dealt and taken.
Magical Staves
 h - a staff of fire
 j - a staff of cold (weapon)
Jewellery
 m - an amulet of regeneration (around mantle)
 o - a +5 ring of evasion (left tentacle)
 v - the ring of Ejitz (on tentacle) {rPois Str+2 Int+6}
   (You acquired it on level 1 of the Lair of Beasts)

   [ring of intelligence]

   Str+2:     It affects your strength (+2).
   Int+6:     It affects your intelligence (+6).
   rPois:     It protects you from poison.
 C - a ring of willpower (on tentacle)
Talismans
 e - a maw talisman
 k - a serpent talisman
 z - a blade talisman
Wands
 l - a wand of flame (14)
 n - a wand of charming (24)
 r - a wand of iceblast (2)
 s - a wand of polymorph (5)
Scrolls
 c - a scroll of enchant weapon
 g - 2 scrolls of enchant armour
 i - 3 scrolls of teleportation
 t - a scroll of fear
 w - 2 scrolls of noise
 D - 3 scrolls of amnesia
Potions
 b - a potion of heal wounds
 d - a potion of cancellation
 f - 2 potions of attraction
 p - 3 potions of resistance
 q - 4 potions of curing
 x - a potion of haste
 A - 2 potions of might
 B - a potion of lignification
 E - 2 potions of brilliance


   Skills:
 + Level 6.9 Fighting
 + Level 6.4 Dodging
 - Level 5.8 Stealth
 * Level 5.6 Unarmed Combat
 + Level 8.4 Spellcasting
 - Level 7.8 Conjurations
 - Level 1.7 Ice Magic
 + Level 9.5 Earth Magic
 + Level 4.8 Alchemy
 + Level 6.9 Evocations
 + Level 6.1 Shapeshifting


You had 16 spell levels left.
You knew the following spells:

 Your Spells              Type           Power      Damage    Failure   Level
a - Stone Arrow           Conj/Erth      100%       3d13      1%          3
b - Petrify               Alch/Erth      51%        N/A       2%          4
c - Passwall              Erth           60%        N/A       1%          3
g - Sandblast             Erth           100%       2d20      1%          1
m - Apportation           Tloc           22%        N/A       4%          1

Your spell library contained the following spells:

 Spells                   Type           Power      Damage    Failure   Level
 Brom's Barrelling Bould  Conj/Erth      57%        2d7       1%          4
 Necrotise                Necr           44%        1d6       4%          1
 Summon Small Mammal      Summ           44%        N/A       4%          1
 Jinxbite                 Hex            22%        N/A       7%          2
 Call Canine Familiar     Summ           11%        N/A       14%         3
 Vampiric Draining        Necr           11%        2d6       14%         3
 Alistair's Intoxication  Alch           25%        N/A       19%         5
 Martyr's Knell           Necr/Summ      11%        N/A       43%         4
 Summon Blazeheart Golem  Fire/Summ      11%        N/A       43%         4
 Curse of Agony           Necr           11%        N/A       78%         5


Dungeon Overview and Level Annotations

Branches:
Dungeon (13/15)            Temple (1/1) D:5            Lair (1/5) D:11
    Orc (0/2) D:11
 Vaults: D:13-14

Altars:
Ashenzari
Cheibriados
Dithmenos
Elyvilon
Fedhas
Gozag
Hepliaklqana
Kikubaaqudgha
Makhleb
Nemelex Xobeh
Okawaru
Qazlal
Ru
Sif Muna
Trog
Uskayaw
Vehumet
Wu Jian
Xom
Yredelemnul
Zin
The Shining One

Shops:
D:9 ?[(   D:11 [   D:12 :!(

Annotations:
D:6 3 runed translucent doors, Azoth's ghost, novice DsSh
D:13 3 runed translucent doors


Innate Abilities, Weirdness & Mutations

You cannot wear most types of armour.
You are amphibious.
You can wear up to eight rings at the same time.
Your skin changes colour to match your surroundings (Stealth+).
Your rubbery body absorbs attacks. (AC +1, EV +1)
((You are camouflaged when in or above water. (Stealth+)))
You have tentacles for arms and can constrict up to eight enemies at once.


Message History

Unknown command.
Casting: Stone Arrow (safe; 1% risk of failure)
Confirm with . or Enter, or press ? or * to list all spells.
Aiming: Stone Arrow (safe; 1% risk of failure)
Press: ? - help, Shift-Dir - straight line, f/p - ice devil
Aim: an ice devil (severely wounded, 78% to hit)
Okay, then.
j - a staff of cold (weapon)
The ice devil hits you!
* * * LOW HITPOINT WARNING * * *
The ice devil freezes you! You resist.
* * * LOW HITPOINT WARNING * * *
Unknown command.
Okay, then.
Okay, then.
Okay, then.
Okay, then.
You feel much better. The ice devil hits you! The ice devil freezes you.
You resist.
* * * LOW HITPOINT WARNING * * *
Aiming: Throw Flame
Press: ? - help, Shift-Dir - straight line, f/p - ice devil
Aim: an ice devil (severely wounded, 74% to hit)
The puff of flame hits the ice devil.
The ice devil is burned terribly!
The ice devil is severely wounded.
The ice devil hits you.
* * * LOW HITPOINT WARNING * * *
The ice devil freezes you! You resist.
* * * LOW HITPOINT WARNING * * *
Unknown command.
Casting: Stone Arrow (safe; 1% risk of failure)
Confirm with . or Enter, or press ? or * to list all spells.
Aiming: Stone Arrow (safe; 1% risk of failure)
Press: ? - help, Shift-Dir - straight line, f/p - ice devil
Aim: an ice devil (severely wounded, 78% to hit)
The stone arrow misses the ice devil.
The ice devil hits you!
* * * LOW HITPOINT WARNING * * *
The ice devil freezes you! You resist.
You die...
Your body crumbles into a pile of gold.

........####............#...## #
S........##.............##..## #
.........#..##..........###..####
#..........###..........# #..##..
###........##.#........## ##.....
###.....#######...##.# #......
####..# #...##### #...... #..#
#'#+# ######...... #..# #@..#
#...##...... #..# ##4##
#...#...###. #..# .# #........###
...# .. #.........## #[.# ...
#........... ...##........#..
...##..........# #####..........#
###..........#


You could see an ice devil.

Vanquished Creatures
  Kirke (D:12)
  A centaur warrior (D:13)
  A boulder beetle (D:11)
  3 two-headed ogres
  2 deep elf pyromancers (D:12)
  A manticore (D:8)
  A cyclops (D:13)
  4 slime creatures (D:12)
  Maurice (D:11)
  Jeremiah (D:6)
  2 cane toads (Lair:1)
  2 unseen horrors
  Maggie (D:7)
  2 kobold demonologists
  2 komodo dragons
  An ice devil (Lair:1)
  6 trolls
  A hornet (D:8)
  2 water elementals (D:13)
  2 vampires (D:11)
  A shadow (D:10)
  2 wraiths
  23 yaks
  3 hogs (D:12)
  A steam dragon (D:8)
  A wyvern (D:7)
  A basilisk (D:12)
  3 vampire mosquitoes (D:10)
  Edmund (D:4)
  3 water moccasins (Lair:1)
  7 orc warriors
  3 sky beasts
  An ice beast (D:7)
  A sky beast (shapeshifter) (D:13)
  3 wolves (Lair:1)
  3 ogres
  3 centaurs
  A phantom (D:5)
  3 kobold brigands
  5 bullfrogs
  4 scorpions
  3 gnoll sergeants
  3 wights (D:7)
  13 killer bees
  4 howler monkeys
  An electric eel (D:13)
  3 bombardier beetles
  2 hounds
  6 orc priests
  2 jellies
  An iguana (D:4)
  11 orc wizards
  4 adders
  6 gnolls
  A white imp (D:5)
  An ufetubus (D:7)
  3 dart slugs
  41 orcs
  4 ball pythons
  4 bats
  9 endoplasms
  2 goblins
  2 hobgoblins
  6 jackals
  18 kobolds
  3 quokkas
  3 frilled lizards
  A jackal zombie (D:5)
  4 rats
271 creatures vanquished.

Vanquished Creatures (collateral kills)
  A yak (D:11)
  2 hogs (D:12)
  A wight (D:7)
  2 killer bees
  3 gnolls
  2 orcs
  3 kobolds
14 creatures vanquished.

Vanquished Creatures (others)
  An ugly thing (D:12)
  A hog (D:12)
  A centaur (D:13)
  A gnoll (D:9)
  An ufetubus (D:7)
  2 orcs
  A kobold (D:7)
8 creatures vanquished.

Grand Total: 293 creatures vanquished

Notes
Turn   | Place    | Note
-------+----------+-------------------------------------------
     0 | D:1      | zenocrate the Octopode Earth Elementalist began the quest
                  | for the Orb.
     0 | D:1      | Reached XP level 1. HP: 11/11 MP: 3/3
   274 | D:1      | Reached XP level 2. HP: 17/17 MP: 3/5
   780 | D:2      | Reached XP level 3. HP: 20/21 MP: 6/6
   784 | D:2      | Learned a level 3 spell: Stone Arrow
  1738 | D:3      | Found a snail-covered altar of Cheibriados.
  1779 | D:3      | Found a stormy altar of Qazlal.
  2085 | D:3      | Reached skill level 1 in Fighting
  2455 | D:4      | Reached XP level 4. HP: 25/28 MP: 7/7
  2528 | D:4      | Reached skill level 4 in Earth Magic
  2528 | D:4      | Reached XP level 5. HP: 28/34 MP: 2/9
  2704 | D:4      | Reached XP level 6. HP: 39/39 MP: 5/10
  2862 | D:4      | Learned a level 3 spell: Passwall
  2938 | D:4      | Noticed Edmund
  2943 | D:4      | Killed Edmund
  3528 | D:4      | Learned a level 4 spell: Petrify
  3529 | D:5      | Entered Level 5 of the Dungeon
  3642 | D:5      | Reached XP level 7. HP: 44/44 MP: 5/12
  3726 | D:5      | Found a staircase to the Ecumenical Temple.
  3836 | D:5      | Found an iron altar of Okawaru.
  3844 | D:5      | Reached skill level 5 in Earth Magic
  3996 | D:5      | Found a bloodstained altar of Trog.
  3999 | D:5      | Found an ancient bone altar of Kikubaaqudgha.
  3999 | D:5      | Found a hide-covered altar of Uskayaw.
  4000 | D:5      | Found a sparkling altar of Nemelex Xobeh.
  4000 | D:5      | Found a sacrificial altar of Ru.
  4000 | D:5      | Found a burning altar of Makhleb.
  4000 | D:5      | Found a white marble altar of Elyvilon.
  4046 | D:5      | Found an opulent altar of Gozag.
  4057 | D:5      | Became a worshipper of Gozag Ym Sagoz the Greedy
  4145 | D:5      | Reached skill level 1 in Evocations
  4410 | D:5      | Reached XP level 8. HP: 47/49 MP: 14/14
  4828 | D:6      | Identified the +0 ring mail "Nevuschua" {rC+++ Str+5
                  | Stlth+}
  4868 | D:6      | Reached skill level 5 in Conjurations
  5262 | D:6      | Noticed Jeremiah
  5327 | D:6      | Killed Jeremiah
  5328 | D:6      | Reached skill level 5 in Spellcasting
  5328 | D:6      | Reached skill level 6 in Earth Magic
  5741 | D:6      | Found a runed translucent gate.
  5741 | D:6      | Found a runed translucent gate.
  5741 | D:6      | Found a runed translucent gate.
  5742 | D:6      | Noticed Azoth's ghost (novice DsSh)
  5797 | Temple   | Entered the Ecumenical Temple
  5995 | D:7      | Found a shadowy altar of Dithmenos.
  6009 | D:7      | Reached XP level 9. HP: 55/55 MP: 2/17
  6593 | D:7      | Noticed Maggie
  6600 | D:7      | Killed Maggie
  6601 | D:7      | Reached skill level 7 in Earth Magic
  6976 | D:7      | Reached skill level 5 in Stealth
  7362 | D:8      | Reached XP level 10. HP: 63/63 MP: 6/20
  7877 | D:8      | Noticed a manticore
  7886 | D:8      | Killed a manticore
  7887 | D:8      | Reached skill level 1 in Unarmed Combat
  7887 | D:8      | Reached skill level 1 in Ice Magic
  7995 | D:8      | Found a radiant altar of Vehumet.
  8314 | D:9      | Found Qewuo's Magic Scroll Shop.
  8322 | D:9      | Bought a scroll of fog for 44 gold pieces
  8322 | D:9      | Bought a scroll of identify for 22 gold pieces
  8322 | D:9      | Bought 2 scrolls of amnesia for 88 gold pieces
  8322 | D:9      | Bought a scroll of teleportation for 33 gold pieces
  8322 | D:9      | Bought 3 scrolls of teleportation for 99 gold pieces
  8333 | D:9      | Reached skill level 1 in Shapeshifting
  8634 | D:9      | Found Vutu Katzy's Armour Shoppe.
  8659 | D:9      | Found Eduusuf's Antique Weapon Boutique.
  8679 | D:9      | Noticed a two-headed ogre
  8683 | D:9      | Killed a two-headed ogre
  8684 | D:9      | Reached skill level 8 in Earth Magic
  8864 | D:9      | Found a blossoming altar of Fedhas.
  9470 | D:9      | Found Afefe's Antique Armour Boutique.
  9601 | D:10     | Entered Level 10 of the Dungeon
  9776 | D:10     | Reached XP level 11. HP: 69/69 MP: 11/21
 10074 | D:10     | You fall into a shaft and drop 3 floors!
 10075 | D:13     | Noticed a centaur warrior
 10102 | D:13     | Noticed a cyclops
 10114 | D:13     | Reached skill level 1 in Alchemy
 10423 | D:13     | Found a runed translucent gate.
 10424 | D:13     | Noticed a cyclops
 10429 | D:13     | Killed a cyclops
 10438 | D:13     | Noticed a centaur warrior
 10446 | D:13     | Killed a centaur warrior
 10447 | D:13     | Reached skill level 5 in Evocations
 10450 | D:13     | HP: 2/70 [centaur/arrow[a centaur warrior] (9)]
 10452 | D:13     | Found a runed translucent gate.
 10452 | D:13     | Found a runed translucent gate.
 10619 | D:12     | Found Cuff's Antique Weapon Boutique.
 10654 | D:12     | Bought a pitted short sword for 272 gold pieces
 10654 | D:12     | Identified the +7 short sword of Truncation {speed, rElec
                  | rN+ Stlth+} (You bought it in a shop on level 12 of the
                  | Dungeon)
 10658 | D:12     | Noticed Kirke
 10667 | D:12     | Noticed a lindwurm
 10795 | D:12     | Killed Kirke
 10796 | D:12     | Reached skill level 5 in Fighting
 10796 | D:12     | Reached skill level 5 in Dodging
 10966 | D:11     | HP: 3/71 [yak (15)]
 11110 | D:11     | Noticed a two-headed ogre
 11241 | D:11     | Noticed Maurice
 11251 | D:11     | Killed Maurice
 11273 | D:11     | Noticed a boulder beetle
 11293 | D:11     | Killed a boulder beetle
 11313 | D:11     | Killed a two-headed ogre
 11314 | D:11     | Reached skill level 5 in Shapeshifting
 11314 | D:11     | Reached XP level 12. HP: 52/77 MP: 3/23
 11453 | D:11     | Noticed a two-headed ogre
 11459 | D:11     | Killed a two-headed ogre
 11617 | D:11     | Reached skill level 9 in Earth Magic
 11888 | D:11     | Found Laduoq's Armour Shop.
 11890 | D:11     | Found a staircase to the Orcish Mines.
 12658 | D:11     | Found a staircase to the Lair.
 12850 | D:12     | HP: 3/79 [green ugly thing (24)]
 13135 | D:12     | Found Zuapp's Distillery.
 13148 | D:12     | Bought a potion of curing for 33 gold pieces
 13148 | D:12     | Bought a potion of heal wounds for 55 gold pieces
 13148 | D:12     | Bought a potion of might for 44 gold pieces
 13148 | D:12     | Bought a potion of lignification for 33 gold pieces
 13148 | D:12     | Bought a potion of curing for 33 gold pieces
 13148 | D:12     | Bought a potion of might for 44 gold pieces
 13148 | D:12     | Bought a potion of heal wounds for 55 gold pieces
 13148 | D:12     | Bought a potion of curing for 33 gold pieces
 13171 | D:12     | Found Sedgh's Book Emporium.
 13573 | D:12     | Reached skill level 5 in Unarmed Combat
 13941 | Lair:1   | Entered Level 1 of the Lair of Beasts
 14037 | Lair:1   | Identified a scroll of acquirement
 14037 | Lair:1   | Acquired the ring of Ejitz {rPois Str+2 Int+6}
 14336 | Lair:1   | Identified the +1 buckler of Okawaru's Inspiration {Harm
                  | +Blink rC+}
 14689 | Lair:1   | Learned a level 1 spell: Apportation
 14748 | Lair:1   | Reached XP level 13. HP: 85/85 MP: 9/25
 14753 | Lair:1   | Slain by an ice devil

Illustrated notes

Levels and vault maps discovered:
D:1:      saegor_arrival_simple_b, layout_loops_ring, minmay_cupped
D:2:      layout_loops_corners
D:3:      layout_loops_ring, amcnicky_altar_gilded, grunt_qazlal_sundering
D:4:      layout_basic, uniq_edmund
D:5:      layout_loops_cross, nicolae_gozag_cash_rules_everything_around_me,
          grunt_temple_overflow_open, minmay_temple_entry_from_below_a,
          enter_ossuary_3, corexii_checkpoint
D:6:      layout_loops_cross, ebering_ghost_rock_garden, uniq_jeremiah
D:7:      layout_rooms, grunt_dithmenos_smoke, chequers_garden,
          minmay_gold_behind_fungi, uniq_maggie
D:8:      layout_cave_pods, mainiacjoe_overflow_six_doors_small
D:9:      layout_irregular_city, fedhas_altar_fruit_tree, serial_shops, shop,
          nicolae_shop_hallway_stairs, shop, shop
D:10:     layout_rooms
D:11:     layout_long_grid, lair_entry_dummy, orc_david_3,
          minmay_joined_circles, uniq_maurice
D:12:     layout_loops_ring, serial_shops, shop, shop, shop_coins, uniq_kirke
D:13:     layout_big_octagon, ebering_ghost_gozag
Temple:   pf_temple_reverse_labyrinth
Lair:1:   layout_cave_pods, portal_ice_cave_demonic_guard, serial_bayou_shore_b

Skill      XL: |  1  2  3  4  5  6  7  8  9 10 11 12 |
---------------+-------------------------------------+-----
Fighting       | 1 2 3 4 5 6 |  6.9
Conjurations   | 2 3 4 5 7 |  7.8
Earth Magic    | 4 5 6 7 8 9 |  9.5
Spellcasting   | 3 4 5 6 7 8 |  8.4
Dodging        | 3 4 5 6 |  6.4
Evocations     | 1 3 4 5 6 |  6.9
Stealth        | 5 |  5.8
Unarmed Combat | 2 4 5 |  5.6
Ice Magic      | 1 |  1.7
Shapeshifting  | 2 5 6 |  6.1
Alchemy        | 3 4 |  4.8

Action                     |  1- 3 |  4- 6 |  7- 9 | 10-12 | 13-15 || total
---------------------------+-------+-------+-------+-------+-------++-------
  Melee: Dagger            |    31 |       |       |       |       ||    31
         Constrict         |    18 |     8 |    25 |    27 |       ||    78
         Tentacles         |    12 |     9 |    20 |    64 |       ||   105
         Staff             |    26 |    37 |    87 |    25 |       ||   175
         Quarterstaff      |    14 |       |       |       |       ||    14
         Unarmed           |       |       |       |    34 |       ||    34
         Short sword       |       |       |       |   166 |       ||   166
         Punch             |       |       |       |     1 |       ||     1
   Cast: Sandblast         |    10 |    25 |       |       |       ||    35
         Stone Arrow       |       |     7 |    81 |   244 |     3 ||   335
 Invoke: Potion Petition   |       |       |       |     3 |       ||     3
  Evoke: Wand              |       |       |     7 |    23 |     1 ||    31
    Use: Scroll            |     4 |     6 |     4 |    14 |       ||    28
         Potion            |       |     1 |     3 |    10 |     1 ||    15
   Stab: Sleeping          |     9 |       |     3 |     1 |       ||    13
         Distracted        |       |       |       |     2 |       ||     2
         Invisible         |       |       |       |     5 |       ||     5
 Armour: Skin              |    33 |    21 |    46 |   182 |     6 ||   288
  Dodge: Dodged            |    59 |    42 |   106 |   217 |       ||   424

Table legend: (Time is in decaauts)
 A = Elapsed time spent in this place.
 B = Non-inter-level travel time spent in this place.
 C = Inter-level travel time spent in this place.
 D = Time resting spent in this place.
 E = Time spent auto-exploring this place.
 F = Levels seen in this place.
 G = Mean time per level.
                   A        B        C        D        E       F      G
               +--------+--------+--------+--------+--------+-----+--------+
         Total |  14752 |  14240 |    512 |    432 |  11723 |  15 |  983.5 |
       Dungeon |  13948 |  13488 |    460 |    432 |  11113 |  13 | 1072.9 |
        Temple |      1 |      0 |      1 |      0 |      0 |   1 |    1.0 |
          Lair |    801 |    750 |     51 |      0 |    610 |   1 |  801.0 |
               +--------+--------+--------+--------+--------+-----+--------+

Top non-repeatable levels by time:
    D:11: 1477 daAuts
    D:12: 1377 daAuts
     D:7: 1356 daAuts
     D:5: 1306 daAuts
     D:9: 1297 daAuts
     D:4: 1162 daAuts
     D:6: 1093 daAuts
     D:8: 1052 daAuts
    D:10: 965 daAuts
     D:2: 943 daAuts
  Lair:1: 801 daAuts
     D:1: 775 daAuts
     D:3: 690 daAuts
    D:13: 451 daAuts
  Temple: 1 daAuts
